 Dungeon Crawl Stone Soup version 0.24.0-37-gcf1ca852f1 (webtiles) character file.

Game seed: 10315096501771065791, levelgen mode: deterministic

396 Iamsoldier the Insei (level 6, -4/47 HPs)
             Began as a Gnoll Transmuter on Nov 27, 2019.
             Was an Initiate of Ashenzari.
             Shot with an arrow by a centaur (10 damage)
             ... on level 4 of the Dungeon.
             The game lasted 00:11:27 (3309 turns).

Iamsoldier the Insei (Gnoll Transmuter)             Turns: 3309, Time: 00:11:28

Health: -4/47      AC:  4    Str: 14    XL:     6   Next: 83%
Magic:  14/14      EV: 15    Int: 15    God:    Ashenzari [......]
Gold:   168        SH:  0    Dex: 16    Spells: 9/15 levels left

rFire    . . .     SeeInvis .   a - +2 dagger (venom)
rCold    . . .     Gourm    .   (no shield)
rNeg     . . .     Faith    .   g - +0 leather armour
rPois    .         Spirit   .   m - +0 helmet
rElec    .         Reflect  .   (no cloak)
rCorr    .         Harm     .   (no gloves)
MR       .....                  (no boots)
Stlth    ++........             (no amulet)
HPRegen  0.15/turn              (no ring)
MPRegen  0.14/turn              (no ring)

@: no status effects
A: distributed training, fangs 1, strong nose
a: Curse Item, Renounce Religion


You were on level 4 of the Dungeon.
You worshipped Ashenzari.
Ashenzari was noncommittal.
You were not hungry.

You visited 1 branch of the dungeon, and saw 4 of its levels.

You collected 168 gold pieces.

Inventory:

Hand Weapons
 a - a +2 dagger of venom (weapon)
Missiles
 o - 62 arrows
 r - 13 poisoned darts (quivered)
Armour
 b - a +0 robe
 g - a +0 leather armour (worn)
 m - a +0 helmet (worn)
Wands
 u - a wand of disintegration (13)
Scrolls
 e - 4 scrolls of identify {unknown}
 f - 2 scrolls of remove curse
 h - a scroll of enchant armour {unknown}
 i - a scroll of noise {unknown}
 k - 3 scrolls of amnesia {unknown}
 n - a scroll of enchant weapon {unknown}
 p - a scroll of fear {unknown}
 q - a scroll of teleportation {unknown}
 w - a scroll of blinking {unknown}
Potions
 j - a potion of resistance {unknown}
 l - a potion of curing {unknown}
 s - 2 potions of agility {unknown}
 t - a potion of might {unknown}
 v - a potion of mutation {unknown}
 x - 3 potions of flight {unknown}
 z - a potion of heal wounds {unknown}
Comestibles
 c - 2 chunks of flesh
 d - 5 rations


   Skills:
 + Level 3.3 Fighting
 + Level 2.1 Short Blades
 + Level 2.1 Long Blades
 + Level 2.1 Axes
 + Level 2.1 Maces & Flails
 + Level 2.1 Polearms
 + Level 2.1 Staves
 + Level 2.1 Slings
 + Level 2.1 Bows
 + Level 2.1 Crossbows
 + Level 2.1 Throwing
 + Level 2.1 Armour
 + Level 5.0 Dodging
 + Level 2.1 Stealth
 + Level 2.1 Shields
 + Level 6.9 Unarmed Combat
 + Level 5.4 Spellcasting
 + Level 1.6 Conjurations
 + Level 1.6 Hexes
 + Level 1.6 Charms
 + Level 1.6 Summonings
 + Level 1.6 Necromancy
 + Level 1.6 Translocations
 + Level 4.1 Transmutations
 + Level 1.6 Fire Magic
 + Level 1.6 Ice Magic
 + Level 1.6 Air Magic
 + Level 1.6 Earth Magic
 + Level 1.6 Poison Magic
 + Level 2.3 Invocations
 + Level 2.1 Evocations


You had 9 spell levels left.
You knew the following spells:

 Your Spells              Type           Power        Failure   Level  Hunger
a - Beastly Appendage     Tmut           ###...       3%          1    None
b - Sticks to Snakes      Tmut           ###.....     5%          2    #......
c - Spider Form           Tmut/Pois      ##........   17%         3    ###....

Your spell library contained the following spells:

 Spells                   Type           Power        Failure   Level  Hunger
 Ice Form                 Ice/Tmut       ##......     50%         4    ####...
 Blade Hands              Tmut           ###.......   67%         5    ######.


Dungeon Overview and Level Annotations

Branches:
Dungeon (4/15)
 Temple: D:4-7

Altars:
Ashenzari
Elyvilon
Makhleb
Ru
Trog
Xom
Zin


Innate Abilities, Weirdness & Mutations

Your experience applies equally to all skills.
You have very sharp teeth.
Your uncanny sense of smell can sniff out nearby items.


Message History

The centaur wields a +2 shortbow of freezing.
It is covered in frost.
The centaur shoots an arrow.
The arrow misses you.
You hit the howler monkey but do no damage.
The howler monkey is severely wounded.
The howler monkey misses you.
The centaur shoots an arrow.
The arrow hits you! The arrow freezes you.
You kill the howler monkey!
The worker ant misses you.
The centaur shoots an arrow.
The arrow misses you.
The arrow barely misses the worker ant.
The worker ant bites you but does no damage.
The centaur shoots an arrow.
The arrow hits you!
* * * LOW HITPOINT WARNING * * *
The arrow freezes you.
* * * LOW HITPOINT WARNING * * *
The worker ant barely misses you.
The centaur shoots an arrow.
The arrow misses you.
Things that are here:
2 arrows; 7 gold pieces The centaur shoots an arrow.
The arrow hits you!
You die...

.. #..(. # .
#.##...# .## ..
#....?.##... ....
#...........
#..###..†.......
##...c...(..(....
.................
∆##...†..a..(....
#####.#@.#......
..............##
#######<.#.##...
##....# .##
#..#..$..#
#..##.#<.. #..#
.##.# #... .# #
..##.∆ ∆


You could see a centaur and a worker ant.

Vanquished Creatures
  A howler monkey (D:4)
  An orc priest (D:3)
  A hound (D:3)
  Jessica (D:2)
  An orc wizard (D:3)
  An iguana (D:4)
  2 worker ants
  A worker ant zombie (D:4)
  Robin (D:2)
  3 adders
  2 worms
  2 dart slugs (D:2)
  A leopard gecko (D:1)
  16 orcs (D:3)
  6 bats
  5 giant cockroaches
  15 goblins
  11 hobgoblins
  8 jackals
  5 kobolds
  3 ball pythons
  4 frilled lizards
  10 rats
101 creatures vanquished.

Vanquished Creatures (collateral kills)
  A goblin (D:2)
1 creature vanquished.

Grand Total: 102 creatures vanquished

Notes
Turn   | Place    | Note
-------+----------+-------------------------------------------
     0 | D:1      | Iamsoldier the Gnoll Transmuter began the quest for the
                  | Orb.
     0 | D:1      | Reached XP level 1. HP: 17/17 MP: 6/6
    83 | D:1      | Reached XP level 2. HP: 23/23 MP: 7/7
   529 | D:1      | Learned a level 2 spell: Sticks to Snakes
   702 | D:2      | Noticed Robin
   707 | D:2      | Reached skill level 5 in Spellcasting
   707 | D:2      | Reached XP level 3. HP: 28/28 MP: 6/9
  1112 | D:2      | Killed Robin
  1112 | D:2      | Reached skill level 1 in Invocations
  1186 | D:2      | Reached skill level 1 in Short Blades
  1186 | D:2      | Reached skill level 1 in Long Blades
  1186 | D:2      | Reached skill level 1 in Axes
  1186 | D:2      | Reached skill level 1 in Maces & Flails
  1186 | D:2      | Reached skill level 1 in Polearms
  1186 | D:2      | Reached skill level 1 in Staves
  1186 | D:2      | Reached skill level 1 in Slings
  1186 | D:2      | Reached skill level 1 in Bows
  1186 | D:2      | Reached skill level 1 in Crossbows
  1186 | D:2      | Reached skill level 1 in Throwing
  1186 | D:2      | Reached skill level 1 in Armour
  1186 | D:2      | Reached skill level 1 in Stealth
  1186 | D:2      | Reached skill level 1 in Shields
  1186 | D:2      | Reached skill level 1 in Evocations
  1192 | D:2      | Reached XP level 4. HP: 26/34 MP: 9/11
  1268 | D:2      | Found a bloodstained altar of Trog.
  1388 | D:2      | Found a white marble altar of Elyvilon.
  1442 | D:2      | Noticed Jessica
  1446 | D:2      | Killed Jessica
  1446 | D:2      | Reached skill level 1 in Conjurations
  1446 | D:2      | Reached skill level 1 in Hexes
  1446 | D:2      | Reached skill level 1 in Charms
  1446 | D:2      | Reached skill level 1 in Summonings
  1446 | D:2      | Reached skill level 1 in Necromancy
  1446 | D:2      | Reached skill level 1 in Translocations
  1446 | D:2      | Reached skill level 1 in Fire Magic
  1446 | D:2      | Reached skill level 1 in Ice Magic
  1446 | D:2      | Reached skill level 1 in Air Magic
  1446 | D:2      | Reached skill level 1 in Earth Magic
  1446 | D:2      | Reached skill level 1 in Poison Magic
  1461 | D:2      | Found a shimmering altar of Xom.
  1660 | D:2      | Reached XP level 5. HP: 33/40 MP: 12/12
  1708 | D:2      | Learned a level 3 spell: Spider Form
  2304 | D:3      | Reached XP level 6. HP: 12/47 MP: 10/13
  2571 | D:3      | Found a burning altar of Makhleb.
  2575 | D:3      | Found a glowing silver altar of Zin.
  2576 | D:3      | Noticed a balrug
  2576 | D:3      | Noticed an angel
  2806 | D:3      | Found a sacrificial altar of Ru.
  2807 | D:3      | Found a shattered altar of Ashenzari.
  2811 | D:3      | Became a worshipper of Ashenzari the Shackled
  3105 | D:3      | Found a faded altar of an unknown god.
  3278 | D:4      | Reached skill level 5 in Dodging
  3309 | D:4      | Shot with an arrow by a centaur

Levels and vault maps discovered:
D:1:      roderic_dead_forest, layout_basic, grunt_decor_resistance
D:2:      layout_basic, lemuel_doored_altar, xom_butterflies,
          overflow_temple_1_default, chequers_serial_rivers_small_b,
          uniq_jessica, uniq_robin
D:3:      layout_basic, grunt_temple_overflow_order_and_chaos_2,
          gammafunk_temple_overflow_statue, chequers_ecumenical_altar_island
D:4:      layout_rooms, first_ration

Skill      XL: |  1  2  3  4  5  6 |
---------------+-------------------+-----
Spellcasting   | 5 |  5.4
Invocations    | 1 2 |  2.3
Short Blades   | 1 2 |  2.1
Long Blades    | 1 2 |  2.1
Axes           | 1 2 |  2.1
Maces & Flails | 1 2 |  2.1
Polearms       | 1 2 |  2.1
Staves         | 1 2 |  2.1
Slings         | 1 2 |  2.1
Bows           | 1 2 |  2.1
Crossbows      | 1 2 |  2.1
Throwing       | 1 2 |  2.1
Armour         | 1 2 |  2.1
Stealth        | 1 2 |  2.1
Shields        | 1 2 |  2.1
Evocations     | 1 2 |  2.1
Conjurations   | 1 |  1.6
Hexes          | 1 |  1.6
Charms         | 1 |  1.6
Summonings     | 1 |  1.6
Necromancy     | 1 |  1.6
Translocations | 1 |  1.6
Fire Magic     | 1 |  1.6
Ice Magic      | 1 |  1.6
Air Magic      | 1 |  1.6
Earth Magic    | 1 |  1.6
Poison Magic   | 1 |  1.6
Fighting       | 3 |  3.3
Transmutations | 4 |  4.1
Dodging        | 5 |  5.0
Unarmed Combat | |  6.9

Action                   |  1- 3 |  4- 6 || total
-------------------------+-------+-------++-------
Melee: Unarmed           |    91 |    50 ||   141
       Kick              |     3 |    12 ||    15
       Bite              |     7 |    11 ||    18
       Headbutt          |     4 |       ||     4
       Punch             |     2 |     4 ||     6
       Dagger            |       |   142 ||   142
 Cast: Beastly Appendage |    10 |    11 ||    21
       Sticks to Snakes  |     1 |       ||     1
       Spider Form       |       |     5 ||     5
 Stab: Sleeping          |       |     4 ||     4
  Eat: Chunk             |     1 |     7 ||     8
Armor: Robe              |    11 |       ||    11
       Leather armour    |     9 |    22 ||    31
Dodge: Dodged            |    76 |   140 ||   216
